 Dungeon Crawl Stone Soup version 0.19.1-1-g22dce08 (console) character file.

208 Grinner the Slasher (level 5, 0/45 HPs)
             Began as a Minotaur Monk on Jan 18, 2017.
             Slain by an orc wizard
             ... wielding a +0 dagger
              (4 damage)
             ... on level 4 of the Dungeon.
             The game lasted 00:06:02 (3013 turns).

Grinner the Slasher (Minotaur Monk)                 Turns: 3013, Time: 00:06:04

Health: 0/45       AC:  2    Str: 15    XL:     5   Next: 55%
Magic:  4/4        EV: 21    Int:  7    God:
Gold:   170        SH:  0    Dex: 19    Spells: 0 memorised, 4 levels left

rFire  . . .     SeeInvis .     a - +0 falchion
rCold  . . .     Gourm    .     b - +0 robe
rNeg   . . .     Faith    .     (no shield)
rPois  .         Spirit   .     (helmet restricted)
rElec  .         Reflect  .     (no cloak)
rCorr  .         Harm     .     (no gloves)
MR     .....                    (no boots)
Stlth  ++........               (no amulet)
                                (no ring)
                                g - ring of loudness (curse)

@: agile
A: retaliatory headbutt, horns 2
a: no special abilities


You were on level 4 of the Dungeon.
You were hungry.

You visited 1 branch of the dungeon, and saw 4 of its levels.

You collected 170 gold pieces.

Inventory:

Hand Weapons
 a - a +0 falchion (weapon)
Armour
 b - a +0 robe (worn)
Jewellery
 g - a cursed ring of loudness (left hand)
Wands
 s - a wand of disintegration (0/24)
Scrolls
 e - a scroll of amnesia {unknown}
 f - a scroll of fog {unknown}
 h - a scroll of remove curse {unknown}
 m - a scroll of blinking {unknown}
 q - 3 scrolls of identify {unknown}
Potions
 d - 2 potions of agility
 i - a potion of heal wounds {unknown}
 j - a potion of cancellation {unknown}
 k - a potion of flight {unknown}
 l - a potion of magic {unknown}
 p - a potion of lignification {unknown}
 r - 2 potions of degeneration {unknown}
 t - a potion of curing {unknown}
Comestibles
 c - a bread ration
 n - a royal jelly
 o - 2 slices of pizza
 u - a meat ration


   Skills:
 - Level 3.6 Fighting
 + Level 5.9 Long Blades
 + Level 5.5 Dodging
 - Level 1.5 Stealth


You had 4 spell levels left.
You didn't know any spells.

Dungeon Overview and Level Annotations

Branches:
Dungeon (4/15)
 Temple: D:4-7

Altars:
Elyvilon
Kikubaaqudgha
Nemelex Xobeh
Qazlal
Xom
Zin

Shops:
D:2 *


Innate Abilities, Weirdness & Mutations

You reflexively headbutt those who attack you in melee.
You have a pair of horns on your head.


Message History

The orc wizard gestures at you while chanting.
The magic dart hits you! The orc wizard hits you with a dagger.
* * * LOW HITPOINT WARNING * * *
Evoke which item? (* to show all) (? for menu, Esc to quit)
Zapping:
s - a wand of disintegration {zapped: 14} (will waste charges)
Press: ? - help, Shift-Dir - straight line, f - orc wizard
Aim: an orc wizard, wielding a dagger and wearing a robe (fast, chance to defeat MR: 65%) Nothing appears to happen.
The orc wizard closely misses you. You furiously retaliate!
You headbutt the orc wizard, but do no damage.
The orc hits you with a whip!
* * * LOW HITPOINT WARNING * * *
It was a potion of agility.
You feel agile all of a sudden. The orc wizard misses you.
You furiously retaliate!
You headbutt the orc wizard, but do no damage.
You riposte.
You barely miss the orc wizard. The orc hits you with a whip.
* * * LOW HITPOINT WARNING * * *
The orc wizard hits you with a dagger.
You die...

#..#.........
#.#.........
#..........!
#.....(.... #####
#..##+##### #....
##.##.# #.### #.o#.#
#.... ##o#.# ###..##
#@#.# #.#..#. #o..#
#......
############..#
#.#..#.
#............>#
#.#..#.
######.#############
#.#..## .....#.#
#.#.... .≈#.##.#
#.##.## ^#..##.#
#.##.## ^#^....#
#.##...


You could see an orc wizard and 2 orcs.

Vanquished Creatures
  Natasha (thrice) (D:3)
  A hound zombie (D:4)
  3 adders
  5 worms
  3 dart slugs
  A leopard gecko (D:4)
  4 orcs (D:3)
  2 giant cockroaches
  10 goblins
  10 hobgoblins
  7 kobolds
  A quokka (D:3)
  8 bats
  3 frilled lizards
  7 rats
68 creatures vanquished.

Notes
Turn   | Place    | Note
-------+----------+-------------------------------------------
     0 | D:1      | Grinner the Minotaur Monk began the quest for the Orb.
     0 | D:1      | Reached XP level 1. HP: 19/19 MP: 0/0
    48 | D:1      | Found a sparkling altar of Nemelex Xobeh.
   376 | D:1      | Reached XP level 2. HP: 26/26 MP: 1/1
   942 | D:1      | Reached XP level 3. HP: 31/31 MP: 2/2
  1259 | D:2      | Found an ancient bone altar of Kikubaaqudgha.
  1259 | D:2      | Found a shimmering altar of Xom.
  1504 | D:2      | Found Zin's Purification Station.
  1507 | D:2      | Found a glowing silver altar of Zin.
  1908 | D:2      | Reached XP level 4. HP: 39/39 MP: 3/3
  1928 | D:3      | Reached skill level 5 in Long Blades
  2319 | D:3      | Noticed Natasha
  2326 | D:3      | Killed Natasha
  2326 | D:3      | Reached skill level 5 in Dodging
  2400 | D:3      | Noticed Natasha
  2406 | D:3      | HP: 1/39 [something (3)]
  2407 | D:3      | Killed Natasha
  2407 | D:3      | Reached XP level 5. HP: 1/45 MP: 4/4
  2558 | D:3      | Noticed Natasha
  2559 | D:3      | Killed Natasha
  2681 | D:3      | Found a white marble altar of Elyvilon.
  2932 | D:4      | Found a stormy altar of Qazlal.
  3013 | D:4      | Slain by an orc wizard

Skill      XL: |  1  2  3  4 |
---------------+-------------+-----
Long Blades    | 4 5 |  5.9
Dodging        | 4 5 |  5.5
Fighting       | |  3.6
Stealth        | |  1.5

Action                   |  1- 3 |  4- 6 || total
-------------------------+-------+-------++-------
Melee: Falchion          |    87 |    69 ||   156
       Headbutt          |    16 |    10 ||    26
Evoke: Wand              |       |     5 ||     5
  Use: Potion            |       |     1 ||     1
 Stab: Sleeping          |     4 |       ||     4
  Eat: Chunk             |     3 |     3 ||     6
Armor: Robe              |     9 |    10 ||    19
Dodge: Dodged            |    52 |    47 ||    99
       Rpst.: Falchion   |     8 |    10 ||    18
